 Dungeon Sprint DCSS version 0.31-a0-636-ge1c0e020e0 (webtiles) character file.

Game seed: 985838628585608971

23 Conn the Firebug (level 2, -5/17 HPs)
             Began as an Octopode Fire Elementalist on Aug 26, 2023.
             Slain by an ogre
             ... wielding a +0 giant club
              (22 damage)
             ... in the Dungeon (Sprint I: "Red Sonja").
             The game lasted 00:01:29 (85 turns).

Conn the Firebug (Octopode Fire Elementalist)         Turns: 85, Time: 00:01:31

Health: -5/17      AC:  1    Str:  7    XL:     2   Next: 95%
Magic:  0/6        EV: 13    Int: 17    God:
Gold:   0          SH:  0    Dex: 12    Spells: 4/7 levels left

rFire   . . .        (no weapon)
rCold   . . .        (no shield)
rNeg    . . .        (helmet restricted)
rPois   .            (no amulet)
rElec   .            (no ring)
rCorr   .            (no ring)
SInv    .            (no ring)
Will    .....        (no ring)
Stlth   +++          (no ring)
HPRegen 0.22/turn    (no ring)
MPRegen 0.10/turn    (no ring)
                     (no ring)

%: no teleportation
@: no status effects
A: almost no armour, amphibious, 8 rings, camouflage 1, gelatinous body 1,
(nimble swimmer 1), tentacles
a: no special abilities


You were in the Dungeon.
You visited 1 branch

Inventory:

Wands
 d - a wand of paralysis (7)
Potions
 a - 3 potions of magic
 b - a potion of curing
 c - a potion of heal wounds


   Skills:
 + Level 2.5 Dodging
 + Level 3.2 Stealth
 * Level 3.3 Spellcasting
 * Level 2.2 Conjurations
 + Level 4.5 Fire Magic


You had 4 spell levels left.
You knew the following spells:

 Your Spells              Type           Power      Damage    Failure   Level
a - Foxfire               Conj/Fire      56%        2x1d6     4%          1
b - Scorch                Fire           36%        2d6       4%          2

Your spell library contained the following spells:

 Spells                   Type           Power      Damage    Failure   Level
 Inner Flame              Hex/Fire       10%        N/A       21%         3
 Volatile Blastmotes      Fire/Tloc      20%        2d11      21%         3
 Flame Wave               Conj/Fire      14%        2d6       38%         4


Dungeon Overview and Level Annotations

Branches:
Dungeon (1/1)

Altars:


Innate Abilities, Weirdness & Mutations

You cannot wear most types of armour.
You are amphibious.
You can wear up to eight rings at the same time.
Your skin changes colour to match your surroundings (Stealth+).
Your rubbery body absorbs attacks. (AC +1, EV +1)
((You are camouflaged when in or above water. (Stealth+)))
You have tentacles for arms and can constrict up to eight enemies at once.


Message History

You don't have enough magic to cast this spell.
Casting: Foxfire (safe; 4% risk of failure)
Confirm with . or Enter, or press ? or * to list all spells.
You conjure some foxfire!
The foxfire hits the ogre.
The ogre is lightly wounded.
The foxfire hits the ogre.
The ogre is lightly wounded.
The foxfire hits the ogre.
The ogre is moderately wounded.
The foxfire hits the ogre.
The ogre is moderately wounded.
The foxfire hits the ogre.
The ogre is heavily wounded.
The foxfire hits the ogre.
The ogre is heavily wounded.
Unknown command.
Aiming: Paralyse
Press: ? - help, Shift-Dir - straight line, f - ogre
Aim: an ogre, wielding a +0 giant club (heavily wounded, chance to affect: 49%)
Okay, then.
Unknown command.
Unknown command.
Your magical contamination has completely faded away.
There is a fountain of clear blue water here.
Casting: Foxfire (safe; 4% risk of failure)
Confirm with . or Enter, or press ? or * to list all spells.
You conjure some foxfire!
Unknown command.
The foxfire hits the ogre but does no damage.
The ogre is heavily wounded.
The foxfire hits the ogre.
The ogre is severely wounded.
There is a fountain of clear blue water here.
Aiming: Paralyse
Press: ? - help, Shift-Dir - straight line, f - ogre
Aim: an ogre, wielding a +0 giant club (severely wounded, chance to affect: 49%)
The ogre resists with some effort.
The ogre hits you with a +0 giant club!!
Ouch! That really hurt!
You die...

##########
#<.#..'..#
#..').#..+
#..#### +#
#..# #..#
#.O# #⌠@#
####


You could see an ogre.

Vanquished Creatures
  Ijyb (D)
1 creature vanquished.

Vanquished Creatures (others)
  8 foxfires (D)
8 creatures vanquished.

Grand Total: 9 creatures vanquished

Notes
Turn   | Place    | Note
-------+----------+-------------------------------------------
     0 | D        | Conn the Octopode Fire Elementalist began the quest for the
                  | Orb.
     0 | D        | Reached XP level 1. HP: 11/11 MP: 3/3
     4 | D        | Noticed Ijyb
     8 | D        | Killed Ijyb
     9 | D        | Reached skill level 4 in Fire Magic
     9 | D        | Reached XP level 2. HP: 16/17 MP: 4/6
    68 | D        | Learned a level 2 spell: Scorch
    74 | D        | Noticed an ogre
    85 | D        | Slain by an ogre

Illustrated notes

Levels and vault maps discovered:
D:        dungeon_sprint_1 [red_sonja_temple_1, red_sonja_temple_small_1]

Skill      XL: |  1 |
---------------+----+-----
Stealth        | 3 |  3.2
Spellcasting   | 3 |  3.3
Conjurations   | 2 |  2.2
Fire Magic     | 4 |  4.5
Dodging        | |  2.5

Action                     || total
---------------------------++-------
  Melee: Unarmed           ||     3
         Constrict         ||     1
         Tentacles         ||     1
   Cast: Foxfire           ||     5
  Evoke: Wand              ||     1
    Use: Potion            ||     2
         Scroll            ||     1

Table legend: (Time is in decaauts)
 A = Elapsed time spent in this place.
 B = Non-inter-level travel time spent in this place.
 C = Inter-level travel time spent in this place.
 D = Time resting spent in this place.
 E = Time spent auto-exploring this place.
 F = Levels seen in this place.
 G = Mean time per level.
                   A        B        C        D        E       F      G
               +--------+--------+--------+--------+--------+-----+--------+
         Total |     84 |     84 |      0 |     50 |      0 |   1 |   84.0 |
       Dungeon |     84 |     84 |      0 |     50 |      0 |   1 |   84.0 |
               +--------+--------+--------+--------+--------+-----+--------+

Top non-repeatable levels by time:
       D: 84 daAuts
